 Dungeon Crawl Stone Soup version 0.21.1-1-g345015f (webtiles) character file.

690 protoss039 the Cleaver (level 7, 0/61 HPs)
             Began as a Minotaur Fighter on Apr 28, 2018.
             Slain by a gnoll
             ... wielding a +2 halberd of venom
              (8 damage)
             ... on level 4 of the Dungeon.
             The game lasted 00:11:14 (2592 turns).

protoss039 the Cleaver (Minotaur Fighter)           Turns: 2592, Time: 00:11:15

Health: 0/61       AC:  9    Str: 18 (21) XL:     7   Next: 36%
Magic:  6/6        EV:  5    Int:  2 (5)  God:
Gold:   191        SH:  9    Dex: 10 (11) Spells: 6/6 levels left

rFire    . . .     SeeInvis .   a - +0 war axe
rCold    . . .     Gourm    .   c - +0 shield
rNeg     . . .     Faith    .   p - +0 chain mail
rPois    .         Spirit   .   (helmet restricted)
rElec    .         Reflect  .   (no cloak)
rCorr    .         Harm     .   (no gloves)
MR       .....     Rnd*Rage +   (no boots)
Stlth    ..........             (no amulet)
HPRegen  0.20/turn              (no ring)
MPRegen  0.10/turn              (no ring)

@: lethally poisoned (0 -> -4)
A: retaliatory headbutt, claws 1, horns 2, berserk 1, wild magic 1
a: no special abilities


You were on level 4 of the Dungeon.
You were not hungry.

You visited 1 branch of the dungeon, and saw 4 of its levels.

You collected 191 gold pieces.

Inventory:

Hand Weapons
 a - a +0 war axe (weapon)
Armour
 c - a +0 shield (worn)
 p - a +0 chain mail (worn)
Jewellery
 m - a cursed -2 ring of evasion {unknown}
 n - an uncursed ring of protection from fire {unknown}
Wands
 s - a wand of iceblast (8)
Scrolls
 b - a scroll of identify {unknown}
 f - 2 scrolls of remove curse {unknown}
 h - a scroll of random uselessness {unknown}
 l - a scroll of enchant weapon {unknown}
 o - 2 scrolls of blinking {unknown}
 q - a scroll of immolation {unknown}
 r - a scroll of amnesia {unknown}
 t - a scroll of magic mapping {unknown}
Potions
 e - a potion of lignification
Comestibles
 g - 8 rations


   Skills:
 + Level 5.0 Fighting
 * Level 8.8 Axes
 - Level 3.8 Armour
 + Level 2.1 Dodging
 - Level 3.7 Shields


You had 6 spell levels left.
You didn't know any spells.

Dungeon Overview and Level Annotations

Branches:
Dungeon (4/15)
 Temple: D:4-7

Altars:


Innate Abilities, Weirdness & Mutations

You reflexively headbutt those who attack you in melee.
You have a pair of horns on your head.
You have sharp fingernails.
You tend to lose your temper in combat.
Your spells are a little harder to cast, but a little more powerful.


Message History

The gnoll hits you from afar with a halberd!
The gnoll hits you with a halberd of venom!
* * * LOW HITPOINT WARNING * * *
You are poisoned.
The gnoll hits you but does no damage.
You are too injured to fight recklessly!
You are too injured to fight recklessly!
Unknown command.
You feel sick. You block the gnoll's attack.
The gnoll hits you but does no damage.
Unknown command.
You closely miss the gnoll. Your headbutt misses the gnoll.
The gnoll is severely wounded.
You feel sick.
The gnoll hits you from afar with a halberd.
* * * LOW HITPOINT WARNING * * *
The gnoll hits you from afar with a spear.
* * * LOW HITPOINT WARNING * * *
The gnoll hits you with a halberd of venom!
You die...

#............#####.... ### #.#.
#............#...#....
..####...## %#...................
.......... ##..........).....##
.....)...# #...)..#...........
....# #..## #..#g..#.......#.##
....+ #...# #.g#........#....#
[...###...# #..#...####.######+
#.....(.#.#####.@gg..# ##.....)..
#................#...###....##[..
#...............(######.....+..).
#................# #.....#....
#................# #.....#....
#................# #....)#)...
#................# #.....#####
#................# ###.....##
#######..........####........#


You could see 3 gnolls.

Vanquished Creatures
  The ghost of TinyReaver the Skirmisher, an amateur MiFi (D:3)
  An ice beast (D:3)
  A bullfrog (D:4)
  2 orc priests
  5 orc wizards
  A hound skeleton (D:4)
  8 gnolls
  8 adders
  An ooze (D:3)
  An adder skeleton (D:4)
  A worm (D:3)
  A dart slug (D:3)
  2 leopard geckos
  12 orcs
  2 ball pythons
  4 goblins
  6 hobgoblins
  3 jackals (D:1)
  8 kobolds
  2 quokkas (D:3)
  5 bats
  4 rats
79 creatures vanquished.

Notes
Turn   | Place    | Note
-------+----------+-------------------------------------------
     0 | D:1      | protoss039 the Minotaur Fighter began the quest for the Orb.
     0 | D:1      | Reached XP level 1. HP: 19/19 MP: 0/0
   299 | D:1      | Reached XP level 2. HP: 22/27 MP: 1/1
   506 | D:1      | Reached skill level 3 in Axes
   721 | D:2      | Reached XP level 3. HP: 28/33 MP: 2/2
   780 | D:2      | Reached skill level 4 in Axes
   853 | D:2      | You fall through a shaft!
   889 | D:3      | Reached skill level 1 in Dodging
   889 | D:3      | Reached XP level 4. HP: 34/40 MP: 3/3
   893 | D:3      | Reached skill level 5 in Axes
   901 | D:3      | Reached XP level 5. HP: 34/47 MP: 4/4
   961 | D:3      | Noticed an ice beast
   974 | D:3      | Killed an ice beast
   974 | D:3      | Reached skill level 6 in Axes
  1194 | D:3      | Noticed TinyReaver's ghost (amateur MiFi)
  1203 | D:3      | Killed TinyReaver's ghost
  1203 | D:3      | Reached skill level 7 in Axes
  1203 | D:3      | Reached XP level 6. HP: 13/53 MP: 5/5
  2112 | D:4      | Reached skill level 8 in Axes
  2112 | D:4      | Reached XP level 7. HP: 49/60 MP: 6/6
  2170 | D:4      | Reached skill level 5 in Fighting
  2272 | D:4      | Gained mutation: You tend to lose your temper in combat. [potion of mutation]
  2272 | D:4      | Gained mutation: Your spells are a little harder to cast, but a little more powerful. [potion of mutation]
  2272 | D:4      | Gained mutation: You have sharp fingernails. [potion of mutation]
  2592 | D:4      | Slain by a gnoll

Skill      XL: |  1  2  3  4  5  6  7 |
---------------+----------------------+-----
Axes           | 3 4 5 7 8 |  8.8
Fighting       | 4 5 |  5.0
Dodging        | 1 2 |  2.1
Armour         | |  3.8
Shields        | |  3.7

Action                   |  1- 3 |  4- 6 |  7- 9 || total
-------------------------+-------+-------+-------++-------
Melee: War axe           |    85 |   119 |    45 ||   249
       Headbutt          |     8 |    20 |     4 ||    32
  Use: Potion            |       |     2 |     8 ||    10
  Eat: Ration            |     1 |       |       ||     1
       Chunk             |       |     1 |     1 ||     2
Armor: Scale mail        |    39 |     2 |       ||    41
       Chain mail        |       |    43 |    24 ||    67
       Skin              |       |     2 |    30 ||    32
Dodge: Dodged            |    29 |    20 |    17 ||    66
Block: Shield            |    43 |    52 |    55 ||   150
